 Dungeon Sprint DCSS version 0.17-a0-1769-g54adf96 (webtiles) character file.

900000 ztt the Portalist (level 14, -41/132 HPs)
             Began as a Ghoul Warper on Sept 7, 2015.
             Was a Follower of Makhleb.
             Annihilated by a meat berserker
             ... wielding a +9 battleaxe
              (56 damage)
             ... in the Dungeon (Sprint VIII: "Arena of Blood").
             The game lasted 00:00:15 (9 turns).

ztt the Portalist (Ghoul Warper)                       Turns: 9, Time: 00:00:16

Health: -41/132    AC:  3    Str: 16    XL:     14   Next: 6%
Magic:  3/30       EV: 18    Int:  8    God:    Makhleb [*.....]
Gold:   0          SH:  0    Dex: 12    Spells: 1 memorised, 38 levels left

rFire  . . .     SeeInvis .     l - +∞ Axe of Woe
rCold  + . .     Clarity  .     b - +0 leather armour
rNeg   + + +     SustAt   .     (no shield)
rPois  ∞         Gourm    .     (no helmet)
rElec  .         Spirit   .     (no cloak)
rCorr  .         Warding  .     (no gloves)
rMut   .         NoTele   +     (no boots)
MR     +....                    (no amulet)
Stlth  +.........               (no ring)
                                (no ring)

@: rotting, somewhat resistant to hostile enchantments, very unstealthy
A: rotting body, claws 1, carnivore 3, cold resistance 1, negative energy
resistance 3, slow healing 1, torment resistance, unbreathing
a: Renounce Religion


You were in the Dungeon.
You worshipped Makhleb.
Makhleb was aware of your devotion.
You were not hungry.

You visited 1 branch

Inventory:

Hand weapons
 a - a +0 hand axe
 l - the +∞ Axe of Woe (weapon)
   (You found it in the Dungeon)
Missiles
 e - 5 tomahawks of dispersal (quivered)
Armour
 b - a +0 leather armour (worn)
Scrolls
 d - 2 scrolls of blinking
Potions
 g - a potion of curing
 h - a potion of heal wounds
 i - a potion of haste
 j - 2 potions of magic
 k - a potion of berserk rage
Books
 c - a book of Spatial Translocations

   Spells                             Type                      Level
   a - Apportation                    Translocation                1
   b - Blink                          Translocation                2
   c - Shroud of Golubria             Charms/Translocation         2
   d - Portal Projectile              Translocation                3
   e - Teleport Other                 Translocation                3
   f - Passage of Golubria            Translocation                4
Comestibles
 f - a meat ration


   Skills:
 + Level 14.0 Fighting
 + Level 12.5 Axes
 + Level 4.4 Throwing
 + Level 3.5 Armour
 + Level 12.0 Dodging
 + Level 13.0 Spellcasting
 + Level 21.8 Translocations


You had 38 spell levels left.
You knew the following spells:

 Your Spells              Type           Power        Failure   Level  Hunger
a - Apportation           Tloc           #####.....   0%          1    None


Dungeon Overview and Level Annotations

Branches:
Dungeon (1/1)

Altars:
Makhleb


Innate Abilities, Weirdness & Mutations

Your body is rotting away.
You thrive on raw meat.
You are immune to poison.
You have sharp fingernails.
You are carnivorous and can eat meat at any time.
Your flesh is cold resistant.
You are immune to negative energy.
You heal slowly when monsters are visible.
You are immune to unholy pain and torment.
You can survive without breathing.


Message History

A meat berserker comes into view. It is wielding a +9 battleaxe.
You hear a shout! x5
The bag of meat hits you with a +9 war axe!!
* * * LOW HITPOINT WARNING * * *
4 orcs and an ogre come into view.
Unknown command.
The bag of meat shouts! x3
You slash the bag of meat!
You dissect the bag of meat like a pig carcass.
You kill the bag of meat!
Makhleb accepts your kill.
Your Fighting skill gained 2 levels and is now at level 14!
Your Axes skill increases to level 12!
Your Dodging skill increases to level 12!
Your Spellcasting skill increases to level 13!
Your Translocations skill increases to level 21!
You have reached level 14!
You hear a shout! x10
The meat berserker hits you with a +9 battleaxe!!!
You die...

#.. ..# .###..
...###...
......###........
....._.........
#.....# O.... .
#_.<._#......
....#.....#......
.......o.........
..o...###@)......
.###....OO.###...
#.......#
#......o#
..........
...........
.o.o.....o.
...oo.o...##


You could see 3 meat berserkers and 8 bags of meat.

Vanquished Creatures
  3 orcs (D)
3 creatures vanquished.

Notes
Turn   | Place    | Note
--------------------------------------------------------------
     0 | D        | ztt the Ghoul Warper began the quest for the Orb.
     0 | D        | Reached XP level 1. HP: 17/17 MP: 2/2
     3 | D        | Noticed a bag of meat
     4 | D        | Noticed a bag of meat
     4 | D        | Became a worshipper of Makhleb the Destroyer
     5 | D        | Noticed a bag of meat
     6 | D        | Noticed a bag of meat
     7 | D        | Noticed a bag of meat
     7 | D        | Noticed a meat berserker
     7 | D        | Killed a bag of meat
     7 | D        | Reached skill level 11 in Fighting
     7 | D        | Reached skill level 10 in Spellcasting
     7 | D        | Reached skill level 17 in Translocations
     7 | D        | Reached XP level 2. HP: 20/40 MP: 2/12
     7 | D        | Reached XP level 3. HP: 23/47 MP: 2/13
     7 | D        | Reached XP level 4. HP: 26/55 MP: 2/15
     7 | D        | Reached XP level 5. HP: 28/60 MP: 2/16
     7 | D        | Reached XP level 6. HP: 31/68 MP: 2/18
     7 | D        | Reached XP level 7. HP: 33/74 MP: 2/19
     7 | D        | Reached XP level 8. HP: 36/82 MP: 2/21
     7 | D        | Reached XP level 9. HP: 39/89 MP: 2/22
     7 | D        | Reached XP level 10. HP: 41/95 MP: 2/23
     7 | D        | Reached XP level 11. HP: 44/102 MP: 2/24
     7 | D        | Reached XP level 12. HP: 47/110 MP: 2/25
     8 | D        | Noticed a bag of meat
     8 | D        | Noticed a meat berserker
     8 | D        | Killed a bag of meat
     8 | D        | Acquired Makhleb's first power
     8 | D        | Reached skill level 20 in Translocations
     8 | D        | Reached XP level 13. HP: 49/119 MP: 2/28
     9 | D        | Noticed a bag of meat
     9 | D        | Noticed a bag of meat
     9 | D        | Noticed a bag of meat
     9 | D        | Noticed a bag of meat
     9 | D        | Noticed a meat berserker
     9 | D        | Killed a bag of meat
     9 | D        | Reached skill level 21 in Translocations
     9 | D        | Reached XP level 14. HP: 15/132 MP: 2/30
     9 | D        | Annihilated by a meat berserker

Vault maps used:
D:        meatsprint

Action                   |  1- 3 |  4- 6 |  7- 9 | 10-12 | 13-15 || total
-------------------------+-------+-------+-------+-------+-------++-------
Melee: Executioner's axe |     1 |       |       |     1 |     1 ||     3
